Map: Old Estate

Players

KeyRhenium

  • Race: Zerg Zerg
  • League: Platinum
  • Spawn Location: 1:00

SayschoBoB

  • Race: Zerg Zerg
  • Spawn Location: 3:00

VonQi

  • Race: Terran Terran
  • League: Platinum
  • Spawn Location: 1:00

Cadia

  • Race: Protoss Protoss
  • League: Gold
  • Spawn Location: 3:00

Beastyqt - Winner!

  • Race: Protoss Protoss
  • League: Grandmaster
  • Spawn Location: 7:00

TurkeyDano - Winner!

  • Race: Protoss Protoss
  • League: Master
  • Spawn Location: 7:00

printf - Winner!

  • Race: Protoss Protoss
  • Spawn Location: 9:00

llllllllllll - Winner!

  • Race: Protoss Protoss
  • League: Master
  • Spawn Location: 7:00

VOD

Have the link to the VOD?

Description

Time

  • Played on: Jan. 13, 2019, 3:23 p.m.
  • Length: 7:56
Show
View Real Time Build Order
Export as new Build Order

KeyRhenium Zerg 

Build Orders: Pool Only 

Get SALT Encoding   

  12  0:20  Spawning Pool  
  11  0:27  Overlord  
  11  0:32  Drone  
  12  0:37  Drone  
  13  0:58  Drone  
  14  1:06  Queen  
  14  1:11  Zergling x6  
  19  1:23  Zergling x2  
  20  1:39  Zergling x2  
  19  2:12  Overlord, Zergling x4  
  20  2:26  Spine Crawler  
  19  2:39  Zergling x6  
  19  2:43  Extractor  
  16  3:11  Zergling x8  
  16  3:12  Zergling x2  
  12  3:36  Drone x2  
  12  3:41  Zergling x6  
  15  3:42  Queen  
  19  4:00  Spine Crawler  
  14  4:18  Zergling x2  
  14  4:19  Zergling x10  
  20  4:30  Metabolic Boost  
  18  4:57  Zergling x2  
  18  4:58  Zergling x8  
  8  5:44  Zergling x8  
Show
View Real Time Build Order
Export as new Build Order

SayschoBoB Zerg 

Build Orders: Hatch First 

Get SALT Encoding   

  12  0:02  Drone  
  13  0:13  Overlord  
  13  0:17  Drone  
  14  0:31  Drone x2  
  16  0:37  Drone  
  17  0:54  Hatchery  
  16  1:00  Drone x2  
  18  1:05  Extractor  
  17  1:14  Drone  
  18  1:23  Spawning Pool  
  17  1:26  Drone  
  18  1:47  Drone x2  
  19  2:00  Drone  
  20  2:11  Queen  
  20  2:15  Zergling x6  
  25  2:22  Spine Crawler  
  24  2:26  Metabolic Boost  
  24  2:30  Drone  
  24  2:33  Drone  
  26  2:43  Zergling x2  
  26  2:44  Zergling x2  
  28  2:48  Spine Crawler  
  28  2:52  Overlord  
  28  2:54  Overlord  
  26  3:11  Drone x3  
  27  3:14  Zergling x2  
  27  3:15  Zergling x2  
  28  3:28  Queen  
  28  3:30  Queen  
  30  3:41  Zergling x4  
  32  3:45  Zergling x2  
  31  3:50  Zergling x4  
  21  4:25  Zergling x6  
  21  4:27  Drone  
  25  4:37  Zergling x4  
  27  4:42  Spore Crawler  
  26  4:58  Zergling x10  
  31  5:04  Zergling x4  
  33  5:19  Drone x2  
  35  5:28  Zergling x2  
  35  5:29  Zergling x4  
  33  5:53  Zergling x4  
  31  6:01  Spawning Pool  
  22  6:20  Zergling x8  
  27  6:47  Zergling x2  
  28  6:49  Zergling x4  
Show
View Real Time Build Order
Export as new Build Order

VonQi Terran 

Build Orders:  

Get SALT Encoding   

  12  0:01  SCV  
  14  0:19  Supply Depot  
  14  0:20  SCV  
  14  0:32  SCV  
  15  0:42  Barracks  
  15  0:44  SCV  
  16  0:56  SCV  
  17  1:00  Refinery  
  17  1:13  Refinery  
  17  1:14  SCV  
  18  1:26  SCV  
  19  1:36  Marine  
  20  1:47  SCV  
  20  1:50  Supply Depot  
  21  2:07  SCV  
  21  2:08  Marine  
  22  2:12  Barracks  
  23  2:30  Marine, Barracks  
  19  2:37  SCV  
  17  2:48  Marine  
  17  3:00  SCV  
  17  3:02  Marine  
  18  3:06  Marine  
  16  3:28  SCV  
  16  3:32  Marine  
  18  3:42  Marine  
  18  3:44  Marine  
  18  3:47  SCV  
  21  3:59  SCV  
  21  4:01  Marine  
  23  4:07  Supply Depot  
  23  4:28  SCV, Marine x2  
  26  4:40  SCV  
  27  4:47  Engineering Bay  
  28  4:52  SCV  
  28  5:02  Marine x3  
  31  5:08  Supply Depot  
  31  5:20  SCV, Missile Turret  
  30  5:29  Marine x2  
  30  5:32  SCV  
  33  5:36  Supply Depot  
  33  5:44  SCV, Marine  
  35  5:57  Missile Turret  
  34  6:00  Refinery  
  33  6:07  Marine x2  
  33  6:11  Marine  
  34  6:16  Supply Depot  
  35  6:25  Marine x2  
  38  6:43  Marine  
  38  6:44  Command Center  
  38  6:48  Barracks Tech Lab  
  38  6:51  Orbital Command  
  38  6:59  Marine  
  39  7:25  SCV  
  40  7:31  Marine x2  
  40  7:32  Marine  
  42  7:37  SCV  
Show
View Real Time Build Order
Export as new Build Order

Cadia Protoss 

Build Orders:  

Get SALT Encoding   

  12  0:01  Probe  
  13  0:18  Pylon  
  13  0:23  Probe  
  14  0:30  Assimilator  
  14  0:35  Probe  
  14  0:41  Gateway  
  15  0:50  Probe  
  16  0:58  Probe  
  17  1:08  Probe, Assimilator  
  18  1:20  Probe  
  19  1:30  Zealot  
  21  1:56  Probe  
  22  2:08  Probe  
  23  2:34  Zealot  
Show
View Real Time Build Order
Export as new Build Order

Beastyqt Protoss - Winner!

Build Orders:  

Get SALT Encoding   

  12  0:00  Probe  
  13  0:13  Probe  
  14  0:19  Pylon  
  14  0:25  Probe  
  15  0:38  Probe  
  15  0:40  Forge  
  16  0:50  Probe  
  17  1:02  Probe  
  18  1:26  Probe  
  19  1:38  Pylon  
  19  1:44  Probe  
  20  1:54  Pylon  
  20  2:00  Photon Cannon, Probe  
  21  2:01  Photon Cannon  
  21  2:03  Pylon  
  21  2:05  Photon Cannon  
  20  2:14  Photon Cannon  
  20  2:15  Photon Cannon  
  20  2:19  Photon Cannon  
  19  2:24  Photon Cannon  
  19  2:29  Probe  
  20  2:43  Gateway  
  20  2:48  Probe  
  21  2:52  Assimilator  
  21  2:59  Assimilator  
  21  3:00  Probe  
  22  3:11  Pylon  
  22  3:13  Probe  
  23  3:25  Probe  
  24  3:34  Cybernetics Core  
  24  3:43  Nexus  
  24  3:44  Pylon  
  24  3:53  Probe  
  25  4:05  Probe  
  26  4:12  Stargate  
  26  4:15  Probe  
  26  4:17  Stargate  
  26  4:20  Pylon  
  26  4:24  Probe  
  27  4:26  Assimilator  
  27  4:30  Assimilator  
  28  4:32  Probe  
  29  4:44  Probe  
  30  4:55  Oracle  
  30  4:56  Probe x2  
  30  4:57  Oracle  
  38  5:08  Probe x2  
  40  5:20  Probe  
  41  5:21  Photon Cannon  
  41  5:27  Photon Cannon  
  41  5:33  Oracle  
  41  5:34  Probe  
  42  5:39  Probe, Oracle  
  46  5:46  Probe  
  50  5:51  Probe  
  51  5:58  Probe  
  51  6:02  Pylon  
  51  6:03  Probe  
  53  6:10  Probe, Oracle  
  54  6:16  Probe, Oracle  
  58  6:23  Probe  
  62  6:32  Pylon  
  62  6:39  Oracle  
  62  6:47  Oracle  
  68  7:16  Oracle  
Show
View Real Time Build Order
Export as new Build Order

TurkeyDano Protoss - Winner!

Build Orders:  

Get SALT Encoding   

  12  0:01  Probe  
  13  0:13  Probe  
  14  0:19  Pylon  
  14  0:25  Probe  
  15  0:34  Probe  
  15  0:41  Forge  
  15  0:42  Probe  
  17  0:52  Probe  
  18  1:11  Pylon  
  18  1:12  Pylon  
  18  1:30  Pylon  
  18  1:34  Gateway  
  17  1:42  Pylon  
  17  1:44  Pylon  
  17  1:46  Pylon  
  17  1:48  Probe  
  17  1:51  Photon Cannon  
  18  2:01  Photon Cannon  
  18  2:02  Pylon  
  18  2:12  Photon Cannon  
  18  2:13  Pylon  
  18  2:16  Pylon  
  18  2:25  Probe  
  19  2:36  Pylon  
  19  2:43  Zealot, Probe  
  19  2:49  Cybernetics Core  
  19  2:50  Assimilator  
  19  2:55  Probe  
  19  2:56  Assimilator  
  22  3:08  Zealot, Probe  
  25  3:20  Probe  
  26  3:29  Adept  
  26  3:31  Warp Gate  
  26  3:32  Probe  
  29  3:46  Probe  
  30  4:14  Probe  
  25  4:18  Photon Cannon  
  25  4:19  Pylon  
  25  4:22  Stargate  
  25  4:28  Probe  
  26  4:39  Nexus  
  26  4:48  Probe  
  27  5:00  Probe  
  27  5:07  Fleet Beacon  
  27  5:12  Probe, Oracle  
  28  5:18  Assimilator  
  28  5:19  Pylon  
  28  5:24  Probe  
  32  5:36  Probe  
  32  5:42  Tempest  
  32  5:48  Probe  
  31  5:54  Probe  
  37  6:00  Probe  
  37  6:02  Probe, Assimilator  
  38  6:10  Probe  
  39  6:12  Probe  
  39  6:17  Photon Cannon  
  41  6:20  Probe  
  41  6:24  Probe  
  43  6:29  Tempest  
  41  6:32  Probe  
  41  6:37  Probe  
  42  6:45  Probe  
  48  6:53  Probe  
  49  6:57  Stargate  
  49  7:00  Probe  
  50  7:04  Tempest  
  50  7:06  Probe  
  56  7:19  Probe x2  
  56  7:21  Pylon  
  58  7:23  Pylon  
Show
View Real Time Build Order
Export as new Build Order

printf Protoss - Winner!

Build Orders:  

Get SALT Encoding   

  1  0:00  Probe  
  12  0:06  Probe  
  14  0:19  Pylon  
  14  0:22  Probe  
  15  0:37  Probe  
  15  0:40  Forge  
  16  0:49  Probe  
  17  1:04  Pylon  
  17  1:09  Probe  
  18  1:22  Photon Cannon  
  18  1:24  Gateway  
  18  1:32  Pylon  
  18  1:34  Probe  
  19  1:46  Probe  
  20  1:51  Photon Cannon  
  20  1:55  Assimilator  
  20  1:58  Probe  
  21  2:06  Zealot  
  21  2:10  Probe  
  21  2:11  Assimilator  
  21  2:13  Cybernetics Core  
  25  2:22  Probe  
  25  2:30  Photon Cannon  
  25  2:34  Probe  
  25  2:36  Photon Cannon  
  26  2:42  Stalker  
  26  2:47  Probe  
  29  2:59  Probe  
  30  3:06  Stalker  
  30  3:08  Shield Battery  
  30  3:18  Robotics Facility  
  30  3:33  Stalker  
  30  3:36  Probe  
  33  3:45  Shield Battery  
  33  3:47  Pylon  
  33  3:53  Probe  
  33  3:55  Photon Cannon  
  34  3:59  Warp Prism  
  36  4:17  Robotics Facility  
  36  4:23  Pylon  
  36  4:37  Immortal  
  40  4:57  Immortal  
  44  5:16  Immortal  
  48  5:25  Shield Battery  
  48  5:36  Probe  
  49  5:43  Immortal, Warp Gate  
  53  6:11  Pylon  
  53  6:27  Pylon  
  53  6:29  Immortal x2  
  61  7:05  Immortal  
  69  7:09  Pylon  
Show
View Real Time Build Order
Export as new Build Order

llllllllllll Protoss - Winner!

Build Orders:  

Get SALT Encoding   

  12  0:01  Probe  
  13  0:14  Probe  
  14  0:19  Pylon  
  14  0:26  Probe  
  15  0:38  Probe  
  15  0:40  Forge  
  16  0:50  Probe  
  17  1:02  Probe  
  18  1:10  Pylon  
  18  1:15  Probe  
  19  1:18  Assimilator  
  19  1:27  Probe  
  19  1:31  Photon Cannon  
  20  1:32  Pylon  
  20  1:36  Pylon  
  20  1:50  Photon Cannon  
  20  1:51  Pylon  
  20  2:06  Photon Cannon, Pylon  
  20  2:16  Photon Cannon  
  20  2:22  Pylon  
  20  2:31  Photon Cannon  
  20  2:37  Photon Cannon  
  20  2:41  Probe  
  21  2:47  Pylon  
  21  2:53  Probe  
  21  2:56  Assimilator  
  21  3:09  Probe  
  22  3:18  Assimilator  
  22  3:21  Probe  
  22  3:23  Assimilator  
  23  3:27  Gateway  
  23  3:33  Probe  
  24  3:45  Probe  
  24  3:46  Assimilator  
  24  3:48  Pylon  
  25  3:57  Probe  
  26  4:02  Pylon  
  26  4:09  Probe  
  27  4:10  Gateway  
  27  4:16  Pylon  
  27  4:21  Probe  
  28  4:27  Pylon  
  28  4:35  Assimilator  
  27  4:49  Probe  
  28  4:55  Cybernetics Core  
  28  4:57  Pylon  
  28  4:58  Gateway  
  28  5:01  Probe  
  28  5:05  Pylon  
  29  5:13  Zealot  
  32  5:22  Nexus  
  32  5:26  Photon Cannon  
  31  5:32  Photon Cannon  
  31  5:35  Shield Battery  
  31  5:38  Zealot  
  33  5:50  Stargate  
  33  6:00  Pylon  
  33  6:01  Probe  
  34  6:13  Probe  
  36  6:25  Probe  
  36  6:35  Fleet Beacon  
  36  6:37  Probe  
  36  6:38  Pylon  
  37  6:43  Assimilator  
  37  6:49  Probe  
  38  7:02  Probe  
  39  7:14  Probe  
  40  7:25  Probe  
  42  7:32  Assimilator  
  49  7:37  Probe  
Tags
 
Add a new tag
Caveats
  • Supply blocks, unpowered buildings, or Contaminate may cause inaccurate times.
  • Supply counts are checked every 10 seconds.